 Dungeon Crawl Stone Soup version 0.18.1-5-g4a78601 (webtiles) character file.

942 MDvedh the Chiller (level 7, -2/36 HPs)
             Began as a Deep Elf Ice Elementalist on May 8, 2016.
             Was an Initiate of Vehumet.
             Slain by a phantom (4 damage)
             ... on level 6 of the Dungeon on May 9, 2016.
             The game lasted 00:12:24 (6283 turns).

MDvedh the Chiller (Deep Elf Ice Elementalist)      Turns: 6283, Time: 00:12:25

Health: -2/36      AC:  4    Str:  5    XL:     7   Next: 88%
Magic:  14/18      EV: 16    Int: 22    God:    Vehumet [......]
Gold:   267        SH:  0    Dex: 15    Spells: 3 memorised, 10 levels left

rFire  . . .     SeeInvis .     g - +1 spear (distort)
rCold  . . .     Gourm    .     a - +0 robe
rNeg   . . .     Faith    .     (no shield)
rPois  .         Spirit   .     (no helmet)
rElec  .         Dismiss  .     (no cloak)
rCorr  .         Reflect  .     k - +1 pair of gloves
SustAt .         Harm     .     (no boots)
MR     .....                    (no amulet)
Stlth  ++........               (no ring)
                                u - +3 ring of evasion

@: not resistant to hostile enchantments, unstealthy
A: no striking features
a: Renounce Religion


You were on level 6 of the Dungeon.
You worshipped Vehumet.
Vehumet was noncommittal.
You were very hungry.

You visited 1 branch of the dungeon, and saw 6 of its levels.

You collected 267 gold pieces.

Inventory:

Hand Weapons
 g - a +1 spear of distortion (weapon)
Armour
 a - a +0 robe (worn)
 k - a +1 pair of gloves (worn)
Jewellery
 u - a +3 ring of evasion (left hand)
Wands
 l - a wand of iceblast (8/15)
 m - a wand of lightning (2/15)
 p - a wand of flame (30/48)
 s - a wand of flame (17/48)
Scrolls
 d - 2 scrolls of amnesia
 h - a scroll of teleportation
 n - 5 scrolls of remove curse
 t - 2 scrolls of enchant armour
 v - a scroll of identify
Potions
 e - 3 potions of agility
 f - a potion of berserk rage {unknown}
 o - a potion of cure mutation {unknown}
 q - 2 potions of flight {unknown}
 r - a potion of brilliance {unknown}
 w - a potion of curing {unknown}
Books
 b - a book of Frost

   Spells                             Type                      Level
   a - Freeze                         Ice                          1
   b - Throw Frost                    Conjuration/Ice              2
   c - Ozocubu's Armour               Charms/Ice                   3
   d - Throw Icicle                   Conjuration/Ice              4
   e - Summon Ice Beast               Ice/Summoning                4
Comestibles
 c - 3 bread rations
 i - 2 meat rations
 j - 7 fruits


   Skills:
 - Level 2.4 Dodging
 - Level 2.4 Stealth
 + Level 6.5 Spellcasting
 - Level 1.1 Conjurations
 + Level 6.1 Summonings
 - Level 6.7 Ice Magic


You had 10 spell levels left.
You knew the following spells:

 Your Spells              Type           Power        Failure   Level  Hunger
a - Freeze                Ice            ####         1%          1    None
b - Summon Ice Beast      Ice/Summ       #####...     8%          4    ###....
f - Throw Icicle          Conj/Ice       ###.....     17%         4    ###....


Dungeon Overview and Level Annotations

Branches:
Dungeon (6/15)
 Temple: D:4-7

Altars:
Ashenzari
Gozag
Kikubaaqudgha
Pakellas
Vehumet
The Shining One

Shops:
D:6 [


Message History

Okay, then.
Casting: Summon Ice Beast
Confirm with . or Enter, or press ? or * to list all spells.
A chill wind blows around you.
Unknown command.
You are feeling very hungry.
You closely miss the phantom. The phantom hits you.
* * * LOW HITPOINT WARNING * * *
Unknown command.
The phantom blinks!
The centaur shoots an arrow.
The arrow hits you but does no damage.
You see here an arrow.
Unknown command.
You hit the phantom.
Space bends around the phantom.
The phantom is moderately damaged.
The centaur shoots an arrow.
The arrow barely misses your ice beast. The arrow hits you.
* * * LOW HITPOINT WARNING * * *
The phantom hits you.
You die...

#.......# #.
#.......# #.
#.......# #.
######<## ## #.
##########.#### ..
#. #.............#
#.#.
####.##########
##.#...#####W#####
#.....c(..##@Y...#
#......†(.####.###
#.........##.#...#
#.........'(.###c#
#.........##.#...#
#.........##.#.###
#.........##.....#
#......h..########
.........#


You could see a phantom, a centaur and a friendly ice beast.

Vanquished Creatures
  Sigmund (D:6)
  An ogre (D:5)
  2 giant frogs (D:6)
  2 crimson imps
  2 hounds
  A gnoll shaman (D:4)
  2 orc priests (D:5)
  5 worker ants
  An orc wizard (D:5)
  7 gnolls
  3 adders
  A shadow imp (D:6)
  An ooze (D:3)
  An adder zombie (D:5)
  3 worms
  8 dart slugs
  9 giant geckos
  7 orcs
  A ball python (D:6)
  4 bats
  5 giant cockroaches
  10 hobgoblins
  5 jackals
  4 quokkas
  5 giant newts
  9 goblins
  5 kobolds
  7 rats
112 creatures vanquished.

Vanquished Creatures (collateral kills)
  A giant frog (D:6)
  An orc wizard (D:6)
  An orc (D:6)
3 creatures vanquished.

Vanquished Creatures (others)
  An orc wizard (D:4)
  2 worms (D:5)
  A giant cockroach (D:2)
4 creatures vanquished.

Grand Total: 119 creatures vanquished

Notes
Turn   | Place    | Note
--------------------------------------------------------------
     0 | D:1      | MDvedh the Deep Elf Ice Elementalist began the quest for the Orb.
     0 | D:1      | Reached XP level 1. HP: 10/10 MP: 6/6
   415 | D:1      | Reached XP level 2. HP: 11/15 MP: 5/8
  1117 | D:1      | Reached XP level 3. HP: 16/19 MP: 6/9
  1470 | D:1      | Reached skill level 5 in Ice Magic
  1783 | D:2      | Found an opulent altar of Gozag.
  2158 | D:2      | Reached XP level 4. HP: 16/24 MP: 10/10
  2428 | D:2      | Learned a level 4 spell: Summon Ice Beast
  2882 | D:3      | Reached skill level 1 in Summonings
  2902 | D:3      | Found an oddly glowing altar of Pakellas.
  3232 | D:3      | Upgraded the game from 0.18.1-2-ga659475 to 0.18.1-5-g4a78601
  3267 | D:4      | Reached XP level 5. HP: 27/28 MP: 8/11
  4144 | D:5      | Entered Level 5 of the Dungeon
  4172 | D:5      | Reached XP level 6. HP: 29/32 MP: 7/12
  4921 | D:5      | Reached XP level 7. HP: 30/36 MP: 9/15
  5115 | D:5      | Found a radiant altar of Vehumet.
  5136 | D:5      | Became a worshipper of Vehumet
  5370 | D:5      | Found a glowing golden altar of the Shining One.
  5443 | D:6      | Reached skill level 5 in Summonings
  5447 | D:6      | Reached skill level 5 in Spellcasting
  5571 | D:6      | Learned a level 4 spell: Throw Icicle
  5689 | D:6      | Found a shattered altar of Ashenzari.
  5689 | D:6      | Found an ancient bone altar of Kikubaaqudgha.
  5694 | D:6      | Noticed Sigmund
  5793 | D:6      | Killed Sigmund
  6217 | D:6      | Found Gulec's Antique Armour Shoppe.
  6283 | D:6      | Slain by a phantom

Skill      XL: |  1  2  3  4  5  6  7 |
---------------+----------------------+-----
Ice Magic      | 4 5 6 |  6.7
Summonings     | 2 3 4 6 |  6.1
Spellcasting   | 4 6 |  6.5
Dodging        | |  2.4
Stealth        | |  2.4
Conjurations   | |  1.1

Action                   |  1- 3 |  4- 6 |  7- 9 || total
-------------------------+-------+-------+-------++-------
Melee: Unarmed           |     3 |       |       ||     3
       Spear             |    84 |   112 |    62 ||   258
 Cast: Freeze            |    22 |    46 |    17 ||    85
       Summon Ice Beast  |       |       |     5 ||     5
  Use: Scroll            |       |     9 |       ||     9
 Stab: Sleeping          |     6 |     7 |     2 ||    15
  Eat: Chunk             |     3 |     4 |     3 ||    10
       Meat ration       |       |     1 |       ||     1
       Pizza             |       |       |     1 ||     1
Armor: Robe              |     8 |    11 |     3 ||    22
Dodge: Dodged            |    37 |    81 |    36 ||   154
